 Dungeon Crawl Stone Soup version bcrawl-1.37.2 (webtiles) character file.

Game seed: 2204729945085915495

266347 Mehrunes the Covert (level 9, -1/75 HPs)
             Began as a Naga Fighter on Oct 27, 2022.
             Was a Follower of Ashenzari.
             Slain by a warg (11 damage)
             ... on level 6 of the Dungeon.
             The game lasted 00:21:24 (5954 turns).

Mehrunes the Covert (Naga Fighter)                  Turns: 5954, Time: 00:21:24

Health: -1/75      AC: 11    Str: 18    XL:     9   Next: 30%
Magic:  9/9        EV:  5    Int: 11    God:    Ashenzari [*.....]
Gold:   483        SH:  0    Dex: 12    Spells: 8/8 levels left

rFire    . . .     GDR:     28% a - +0 long sword (curse)
rCold    . . .     SeeInvis +   c - +0 medium shield (curse)
rNeg     . . .     Gourm    +   C - +0 chain mail
rPois    +         Faith    .   p - +0 helmet (curse)
rElec    .         Spirit   .   d - +0 cloak (curse)
rCorr    .         Reflect  .   (no gloves)
MR       +....                  (no barding)
Stlth    ..........             r - amulet of the gourmand (curse)
HPRegen  0.22/turn              v - +2 ring of evasion (curse)
MPRegen  0.11/turn              (no ring)

@: confused, very slow
A: large, tail, swims, see invisible, deformed body, poison resistance, slowness
2, slow metabolism 1, spit poison 1, AC +3
a: Spit Poison, Curse Item, Renounce Religion


You were on level 6 of the Dungeon.
You worshipped Ashenzari.
Ashenzari was aware of your devotion.
You were very full.

You visited 1 branch of the dungeon, and saw 7 of its levels.

You collected 483 gold pieces.

Inventory:

Hand Weapons
 a - a cursed +0 long sword (weapon)
 m - a +1 dagger of venom
 y - a +1 vampiric falchion
Missiles
 A - 151 poisoned tomahawks (quivered)
Armour
 b - a +0 scale mail
 c - a cursed +0 medium shield (worn)
 d - a cursed +0 cloak (worn)
 p - a cursed +0 helmet (worn)
 C - a +0 chain mail (worn)
Jewellery
 r - a cursed amulet of the gourmand (around neck)
 v - a cursed +2 ring of evasion (left hand)
 w - the cursed amulet of Vision {SInv *Curse}
   (You found it on level 3 of the Dungeon)

   [amulet of nothing]

   It lets you see invisible.
   It curses itself when equipped.
   It has a curse placed upon it.
 x - a cursed ring of ice
 B - a +4 amulet of reflection
 E - an uncursed amulet of rage
 G - an uncursed ring of protection from magic
 H - an uncursed amulet of guardian spirit
Wands
 K - a wand of paralysis (12)
Scrolls
 f - 3 scrolls of immolation
 g - a scroll of magic mapping {unknown}
 i - a scroll of identify
 j - 5 scrolls of remove curse
 l - a scroll of noise
 o - a scroll of fog {unknown}
 q - 3 scrolls of fear
 z - a scroll of teleportation {unknown}
 D - a scroll of enchant armour {unknown}
 J - a scroll of enchant weapon {unknown}
Potions
 h - a potion of magic
 n - a potion of mutation {unknown}
 s - a potion of curing {unknown}
 u - a potion of brilliance {unknown}
 I - a potion of resistance {unknown}
Comestibles
 e - 6 rations {!d}


   Skills:
 - Level 3.0(5.1) Fighting
 + Level 7.7(10.2) Long Blades
 - Level 2.4(4.6) Armour
 - Level 8.6(10.6) Stealth
 + Level 6.7(9.5) Shields


You had 8 spell levels left.
You didn't know any spells.
Your spell library contained the following spells:

 Spells                   Type           Power        Failure   Level  Hunger
 Magic Dart               Conj           #...         100%        1    None
 Blink                    Tloc           N/A          100%        2    ####...
 Call Imp                 Summ           #.....       100%        2    ####...
 Conjure Flame            Conj/Fire      #.......     100%        3    #####..
 Mephitic Cloud           Conj/Pois/Air  #.......     100%        3    #####..
 Spider Form              Tmut/Pois      #..          100%        3    #####..


Dungeon Overview and Level Annotations

Branches:
Dungeon (7/12)             Temple (0/1) D:5
   Lair: D:7-9

Altars:
Ashenzari
Dithmenos
Kikubaaqudgha
Makhleb
Zin

Shops:
D:4 =

Annotations:
D:6 exclusion: komodo dragon
D:7 Dowan, Duvessa


Innate Abilities, Weirdness & Mutations

You cannot wear boots.
You can swim through water.
Your serpentine skin is tough. (AC +3)
You have supernaturally acute eyesight. (SInv)
Armour fits poorly on your strangely shaped body.
Your system is resistant to poisons. (rPois)
You cover ground very slowly.
You have a slow metabolism.
You can spit poison.


Message History

You feel a little less mighty now. The warg barely misses you.
Dowan says, "Stay away from my face!"
There is a stone staircase leading up here.
You block the orc's attack. You block Dowan's attack. The warg bites you!
* * * LOW HITPOINT WARNING * * *
The warg pauses to sniff the ground.
A rune on the stairs sparks and fizzles.
You climb upwards.
Level annotation: exclusion: komodo dragon
There is a stone staircase leading down here.
The warg bites you!
* * * LOW HITPOINT WARNING * * *
You block the orc's attack.
It was a potion of ambrosia.
You are confused.
You feel invigorated. The warg bites you.
* * * LOW HITPOINT WARNING * * *
The warg bites you!
You die...

.)..##......##..........# #..###
....####................# #.##
..####...##.............####.####
#.###..#.##......................
#.....##.##...............#######
#...####.##....#......#########
##..# #.##........##.........#
#..# #)#.....h#####.........#
#..####....#..o@[# #.........#
#..##.....###.##.###.........#
#..#..#..####................#
##...##..###...#.###......)..#
#..###..##..###.###.........#
##.# #.....## #...#.........# #.#
##.#### #.#...........# #[# #..#
#.##.....#.#### #>###.##
#...####<....#


You could see a warg and an orc.

Vanquished Creatures
  A hippogriff (D:6)
  A hungry ghost (D:6)
  An ice beast (D:6)
  2 sky beasts
  A black bear (D:6)
  An orc warrior (D:6)
  4 ogres
  A phantom (D:6)
  2 bullfrogs (D:6)
  3 scorpions
  4 orc priests
  A howler monkey (D:4)
  2 crimson imps
  A bullfrog zombie (D:6)
  A quasit (D:4)
  A hound (D:4)
  A jelly (D:5)
  2 orc wizards
  Crazy Yiuf (D:3)
  A bullfrog skeleton (D:4)
  A worker ant (D:4)
  6 adders
  A howler monkey skeleton (D:6)
  2 shadow imps
  An adder skeleton (D:4)
  2 worms
  3 dart slugs
  2 leopard geckos
  7 orcs
  2 ball pythons
  2 bats
  2 giant cockroaches
  5 goblins
  9 hobgoblins (D:2)
  7 jackals
  3 quokkas
  A frilled lizard (D:2)
  2 jackal skeletons
  8 kobolds
  3 rats
101 creatures vanquished.

Notes
Turn   | Place    | Note
-------+----------+-------------------------------------------
     0 | D:1      | Mehrunes the Naga Fighter began the quest for the Orb.
     0 | D:1      | Reached XP level 1. HP: 21/21 MP: 1/1
   204 | D:1      | Reached XP level 2. HP: 26/28 MP: 2/2
   425 | D:2      | Found a glowing silver altar of Zin.
   657 | D:2      | Reached XP level 3. HP: 22/34 MP: 3/3
   966 | D:1      | Reached XP level 4. HP: 25/42 MP: 4/4
  1510 | D:3      | Found a shattered altar of Ashenzari.
  1543 | D:3      | Became a worshipper of Ashenzari the Shackled
  1544 | D:3      | Found the cursed amulet of Vision {SInv *Curse}
  1567 | D:3      | Reached XP level 5. HP: 43/49 MP: 5/5
  1646 | D:3      | Found a runed door.
  1650 | D:3      | Noticed Crazy Yiuf
  1660 | D:3      | Killed Crazy Yiuf
  1661 | D:3      | Reached skill level 1 in Stealth
  2006 | D:3      | Reached skill level 2 in Stealth
  2463 | D:4      | Found Etzuu's Jewellery Boutique.
  2576 | D:4      | Noticed a sky beast
  2599 | D:4      | Killed a sky beast
  2600 | D:4      | Reached skill level 3 in Stealth
  2600 | D:4      | Reached XP level 6. HP: 56/56 MP: 6/6
  2681 | D:4      | Reached skill level 4 in Stealth
  2817 | D:4      | Reached XP level 7. HP: 62/62 MP: 7/7
  3007 | D:4      | Found an ancient bone altar of Kikubaaqudgha.
  3354 | D:4      | Found a burning altar of Makhleb.
  3362 | D:4      | Reached skill level 5 in Long Blades
  3362 | D:4      | Reached skill level 5 in Stealth
  3545 | D:5      | Entered Level 5 of the Dungeon
  3656 | D:5      | Reached * piety under Ashenzari
  4029 | D:5      | Found a staircase to the Ecumenical Temple.
  4512 | D:5      | Reached skill level 6 in Stealth
  4512 | D:5      | Reached skill level 5 in Shields
  4927 | D:5      | Reached XP level 8. HP: 60/69 MP: 8/8
  5070 | D:6      | Reached skill level 7 in Stealth
  5193 | D:6      | Reached skill level 8 in Stealth
  5281 | D:6      | Noticed a komodo dragon
  5394 | D:6      | Reached XP level 9. HP: 75/75 MP: 9/9
  5800 | D:7      | Found a shadowy altar of Dithmenos.
  5901 | D:7      | Noticed Duvessa
  5908 | D:7      | Noticed Dowan
  5954 | D:6      | Slain by a warg

Skill      XL: |  1  2  3  4  5  6  7  8 |
---------------+-------------------------+-----
Shields        | 3 4 5 6 |  6.7
Long Blades    | 3 4 5 7 |  7.7
Stealth        | 3 4 6 8 |  8.6
Fighting       | |  3.0
Armour         | |  2.4

Action                   |  1- 3 |  4- 6 |  7- 9 || total
-------------------------+-------+-------+-------++-------
Melee: Long sword        |    72 |   151 |   282 ||   505
Throw: Tomahawk          |       |       |     3 ||     3
Invok: Curse Item        |       |     4 |     2 ||     6
 Abil: Spit Poison       |    14 |    14 |    29 ||    57
  Use: Potion            |     2 |     2 |     5 ||     9
       Scroll            |       |     2 |     4 ||     6
  Eat: Chunk             |     2 |    11 |    13 ||    26
       Ration            |       |       |     6 ||     6
Armor: Scale mail        |    17 |    37 |     5 ||    59
       Skin              |     5 |    10 |       ||    15
       Chain mail        |       |       |   120 ||   120
Dodge: Dodged            |     7 |    30 |    55 ||    92
Block: Medium shield     |    33 |    67 |   179 ||   279
